 Dungeon Crawl Stone Soup version 0.21-a0-508-gf08a75f (webtiles) character file.

74 slep the Skirmisher (level 4, -1/35 HPs)
             Began as a Demonspawn Fighter on Nov 29, 2017.
             Slain by a jackal (2 damage)
             ... on level 3 of the Dungeon.
             The game lasted 00:04:47 (1206 turns).

slep the Skirmisher (Demonspawn Fighter)            Turns: 1206, Time: 00:04:47

Health: -1/35      AC:  6    Str: 17    XL:     4   Next: 10%
Magic:  4/4        EV:  7    Int:  9    God:
Gold:   119        SH:  9    Dex: 13    Spells: 3/3 levels left

rFire    . . .     SeeInvis .   a - +0 trident
rCold    . . .     Gourm    .   c - +0 shield
rNeg     . . .     Faith    .   b - +0 scale mail
rPois    .         Spirit   .   (helmet restricted)
rElec    .         Reflect  .   (no cloak)
rCorr    .         Harm     .   (no gloves)
MR       .....                  (no boots)
Stlth    ..........             (no amulet)
HPRegen  0.11/turn              (no ring)
MPRegen  0.09/turn              (no ring)

@: lethally poisoned (-1 -> -2)
A: antennae 1
a: no special abilities


You were on level 3 of the Dungeon.
You were very hungry.

You visited 1 branch of the dungeon, and saw 3 of its levels.

You collected 119 gold pieces.

Inventory:

Hand Weapons
 a - a +0 trident (weapon)
Missiles
 i - a throwing net (quivered)
Armour
 b - a +0 scale mail (worn)
 c - a +0 shield (worn)
Jewellery
 k - an uncursed ring of protection from fire {unknown}
Scrolls
 e - 3 scrolls of teleportation {unknown}
 h - 3 scrolls of remove curse {unknown}
 j - a scroll of enchant armour {unknown}
 l - a scroll of identify {unknown}
 m - 3 scrolls of fog {unknown}
 n - a scroll of noise {unknown}
Potions
 d - a potion of might
Comestibles
 f - 3 bread rations
 g - 2 royal jellies
 o - a chunk of flesh


   Skills:
 + Level 3.4 Fighting
 + Level 2.8 Polearms
 + Level 3.2 Armour
 + Level 0.1 Dodging
 + Level 3.1 Shields


You had 3 spell levels left.
You didn't know any spells.

Dungeon Overview and Level Annotations

Branches:
Dungeon (3/15)

Altars:
The Shining One

Annotations:
D:2 Sigmund


Innate Abilities, Weirdness & Mutations

You have a pair of small antennae on your head.


Message History

You miss the jackal.
The jackal is lightly wounded.
The jackal bites you but does no damage.
The jackal closely misses you.
You miss the jackal.
The jackal is lightly wounded.
The jackal bites you but does no damage.
You miss the jackal.
The jackal is lightly wounded.
You feel sick. The jackal barely misses you. You block the jackal's attack.
Your shield and scale mail prevent you from hitting the jackal.
The jackal is lightly wounded.
The jackal bites you.
* * * LOW HITPOINT WARNING * * *
The jackal bites you.
* * * LOW HITPOINT WARNING * * *
You hit the jackal.
The jackal is heavily wounded.
The jackal bites you.
You die...

.
########....
#.†@hrh.....
#..####.....
##. ... #( .
##


You could see 2 jackals and a rat.

Vanquished Creatures
  Robin (D:2)
  2 adders (D:3)
  An ooze (D:1)
  2 ball pythons (D:1)
  2 bats
  2 giant cockroaches
  11 goblins
  7 hobgoblins
  A jackal (D:3)
  5 kobolds
  5 rats
39 creatures vanquished.

Notes
Turn   | Place    | Note
-------+----------+-------------------------------------------
     0 | D:1      | slep the Demonspawn Fighter began the quest for the Orb.
     0 | D:1      | Reached XP level 1. HP: 18/18 MP: 1/1
   131 | D:1      | Gained mutation: You have a pair of small antennae on your head. [demonic ancestry]
   131 | D:1      | Reached XP level 2. HP: 16/24 MP: 2/2
   572 | D:2      | Found a glowing golden altar of the Shining One.
   671 | D:2      | Noticed Sigmund
   759 | D:2      | Noticed Robin
   782 | D:2      | Reached XP level 3. HP: 17/29 MP: 3/3
   809 | D:2      | Killed Robin
   824 | D:2      | Found a faded altar of an unknown god.
  1187 | D:3      | HP: 1/29 [jackal (3)]
  1195 | D:3      | Reached XP level 4. HP: 9/35 MP: 4/4
  1205 | D:3      | HP: 1/35 [jackal (1)]
  1206 | D:3      | Slain by a jackal

Vault maps used:
D:1:      saegor_arrival_simple_c
D:2:      tso_oasis_becter, first_bread, chequers_ecumenical_altar_island,
          st_stairs_4, serial_bayou_lake_a, uniq_sigmund, uniq_robin
D:3:      uniq_grinder

Skill      XL: |  1  2 |
---------------+-------+-----
Polearms       | 2 |  2.8
Armour         | 3 |  3.2
Shields        | 3 |  3.1
Fighting       | |  3.4
Dodging        | |  0.1

Action                   |  1- 3 |  4- 6 || total
-------------------------+-------+-------++-------
Melee: Trident           |   136 |    11 ||   147
  Use: Potion            |     1 |       ||     1
Armor: Scale mail        |    52 |     6 ||    58
Dodge: Dodged            |    48 |     3 ||    51
Block: Shield            |    70 |     6 ||    76

Table legend:
 A = Spawn XP
 B = Non-spawn XP
 C = Spawn XP percentage of total XP
 D = Spawn monster count
 E = Non-spawn monster count
 F = Spawn count percentage of total count
 G = Total turns spent on level
                    A         B        C        D         E        F      G
               +---------+---------+-------+---------+---------+-------+---------
         Total |       0 |     107 |   0.0 |       0 |      39 |   0.0 |  1206
               +---------+---------+-------+---------+---------+-------+---------
           D:1 |       0 |      26 |   0.0 |       0 |      13 |   0.0 |   530
           D:2 |       0 |      50 |   0.0 |       0 |      22 |   0.0 |   626
           D:3 |       0 |      31 |   0.0 |       0 |       4 |   0.0 |    50
               +---------+---------+-------+---------+---------+-------+---------
